 Dungeon Crawl Stone Soup version 0.26.1-11-gd32895ea62 (webtiles) character file.

Game seed: 8900779284525351493

9264 Almogavar the Carver (level 11, -5/95 (97) HPs)
             Began as a Minotaur Fighter on May 13, 2021.
             Was a Priest of Makhleb.
             Slain by a warg (8 damage)
             ... on level 10 of the Dungeon.
             The game lasted 00:27:49 (12538 turns).

Almogavar the Carver (Minotaur Fighter)            Turns: 12538, Time: 00:27:50

HP:   -5/95 (97)    AC:  8    Str: 31    XL:     11   Next: 20%
MP:   10/10         EV: 11    Int: 11    God:    Makhleb [***...]
Gold: 558           SH: 13    Dex:  9    Spells: 10/10 levels left

rFire    . . .     SeeInvis .   F - +4 scimitar (curse)
rCold    . . .     Faith    .   c - +1 kite shield
rNeg     . . .     Spirit   .   b - +0 scale mail
rPois    .         Reflect  .   (helmet restricted)
rElec    .         Harm     .   (no cloak)
rCorr    .         Rampage  .   (no gloves)
Will     .....                  (no boots)
Stlth    ..........             I - amulet of magic regeneration
HPRegen  0.25/turn              z - +6 ring of strength
MPRegen  0.37/turn              O - +6 ring of intelligence

@: lightly drained
A: retaliatory headbutt, horns 2
a: Renounce Religion, Minor Destruction, Lesser Servant of Makhleb


You were on level 10 of the Dungeon.
You worshipped Makhleb.
Makhleb was most pleased with you.
You visited 1 branch of the dungeon, and saw 10 of its levels.
You also visited: Sewer.

You collected 558 gold pieces.

Inventory:

Hand Weapons
 d - a +1 whip of flaming
 x - a +0 hunting sling
 C - a cursed -2 scimitar
 F - a cursed +4 scimitar (weapon)
 H - a +3 long sword of freezing
 K - a +0 fustibalus of freezing
Missiles
 i - 232 stones (quivered)
 n - 41 sling bullets
 r - 54 bolts
Armour
 b - a +0 scale mail (worn)
 c - a +1 kite shield (worn)
 l - a +0 plate armour
 B - a +0 chain mail
Jewellery
 z - a +6 ring of strength (left hand)
 I - an amulet of magic regeneration (around neck)
 L - an uncursed ring of willpower
 O - a +6 ring of intelligence (right hand)
Wands
 s - a wand of paralysis (10)
 y - a wand of acid (8)
 D - a wand of disintegration (14)
 G - a wand of iceblast (9)
 S - a wand of random effects (17)
Scrolls
 e - 3 scrolls of amnesia
 f - a scroll of silence {unknown}
 m - a scroll of holy word {unknown}
 t - 3 scrolls of blinking
 u - a scroll of fog
 w - 7 scrolls of remove curse
 J - a scroll of random uselessness {unknown}
 M - a scroll of torment {unknown}
 R - a scroll of enchant armour
Potions
 a - 2 potions of magic {unknown}
 g - 3 potions of degeneration {unknown}
 h - 2 potions of flight {unknown}
 j - 3 potions of lignification {unknown}
 k - 2 potions of brilliance {unknown}
 o - 2 potions of ambrosia {unknown}
 p - a potion of attraction {unknown}
 q - 2 potions of curing
 v - a potion of haste {unknown}
 A - a potion of invisibility {unknown}
 E - a potion of mutation {unknown}
 N - a potion of resistance {unknown}
 Q - a potion of berserk rage {unknown}
Miscellaneous
 P - a tin of tremorstones (2/2)


   Skills:
 + Level 9.3 Fighting
 + Level 12.8 Long Blades
 + Level 9.9 Armour
 + Level 4.7 Dodging
 + Level 2.0 Stealth
 + Level 9.6 Shields


You had 10 spell levels left.
You didn't know any spells.
Your spell library contained the following spells:

 Spells                   Type           Power        Failure   Level
 Sandblast                Erth           0%           77%         1
 Passwall                 Tmut/Erth      0%           88%         2
 Stone Arrow              Conj/Erth      0%           98%         3
 Petrify                  Tmut/Erth      0%           100%        4
 Bolt of Magma            Conj/Fire/Erth 0%           100%        5
 Iskenderun's Battlesphe  Conj           0%           100%        5
 Lee's Rapid Deconstruct  Erth           0%           100%        5
 Iron Shot                Conj/Erth      0%           100%        6
 Orb of Destruction       Conj           0%           100%        7
 Spellforged Servitor     Conj/Summ      0%           100%        7


Dungeon Overview and Level Annotations

Branches:
Dungeon (10/15)            Temple (0/1) D:7            Lair (0/6) D:10
    Orc (0/2) D:10          Sewer (visited)

Altars:
Ashenzari
Elyvilon
Fedhas
Hepliaklqana
Makhleb
Nemelex Xobeh
Qazlal
Ru
Wu Jian
Xom
Yredelemnul
Beogh

Shops:
D:8 (

Annotations:
D:3 2 transporters, Tinylith's ghost, amateur NaTm


Innate Abilities, Weirdness & Mutations

You reflexively headbutt those who attack you in melee.
You have a pair of horns on your head.


Message History

A worker ant comes into view.
You block the warg's attack. You block the warg's attack. The warg bites you!
* * * LOW HITPOINT WARNING * * *
The orc wizard casts a spell at you.
The magic dart hits you but does no damage.
The orc wizard hits you but does no damage.
The worker ant bites you.
* * * LOW HITPOINT WARNING * * *
You are poisoned.
The worker ant poisons you!
You feel better. The orc wizard closely misses you.
You riposte.
You slash the orc wizard! Your headbutt misses the orc wizard.
The orc wizard is almost dead.
You block the warg's attack. The warg bites you!
* * * LOW HITPOINT WARNING * * *
The worker ant closely misses you.
The orc wizard hits you but does no damage.
The warg bites you!
You die...

..>.... ### ..........
.. #... ........P. ...
##.. ......... ....
#...####.....####....
#......#...##...)....
###......†...##........
#...$..?..[...h.<......
#........†)..oh@.......
#.............oB.......
#..#..........o........
##.#...................
#.................#....
..)##..........####....
## ####...####.. ###
### #.....## #.##
.....>. §.# #.....####
.......


You could see 2 wargs, an orc warrior, a worker ant, an orc wizard (fast) and an
orc.

Vanquished Creatures
  A two-headed ogre (D:8)
  Pikel (D:4)
  An orc knight (D:10)
  An ugly thing (D:9)
  11 yaks
  Edmund (D:4)
  3 sky beasts
  6 orc warriors
  2 ice beasts
  A necrophage (D:7)
  3 ogres
  3 phantoms
  2 centaurs
  2 big kobolds
  Blork the orc (D:4)
  9 bullfrogs
  A water moccasin zombie (D:7)
  3 scorpions (D:9)
  11 killer bees
  13 wights
  4 howler monkeys
  A centaur zombie (D:7)
  5 hounds
  10 orc priests
  11 orc wizards
  Jessica (D:2)
  A centaur skeleton (D:10)
  3 iguanas
  Natasha (thrice) (D:2)
  8 worker ants
  A killer bee zombie (D:8)
  A worker ant zombie (D:5)
  A howler monkey skeleton (D:7)
  6 gnolls
  13 adders
  A river rat (D:6)
  4 shadow imps
  A white imp (D:8)
  3 ufetubi
  4 oozes
  An adder zombie (D:9)
  3 worms
  4 dart slugs
  10 leopard geckos
  62 orcs
  6 bats
  17 giant cockroaches
  8 goblins
  12 hobgoblins
  5 jackals
  19 kobolds
  3 quokkas
  5 ball pythons
  11 frilled lizards
  A jackal skeleton (D:6)
  11 rats
336 creatures vanquished.

Vanquished Creatures (others)
  A quokka (D:9)
1 creature vanquished.

Grand Total: 337 creatures vanquished

Notes
Turn   | Place    | Note
-------+----------+-------------------------------------------
     0 | D:1      | Almogavar the Minotaur Fighter began the quest for the Orb.
     0 | D:1      | Reached XP level 1. HP: 19/19 MP: 0/0
   180 | D:1      | Reached XP level 2. HP: 27/27 MP: 1/1
   520 | D:1      | Reached XP level 3. HP: 33/33 MP: 2/2
   993 | D:2      | Reached skill level 3 in Long Blades
  1226 | D:2      | Reached XP level 4. HP: 41/41 MP: 3/3
  1237 | D:2      | Noticed Jessica
  1239 | D:2      | Killed Jessica
  1330 | D:2      | Noticed Natasha
  1338 | D:2      | Killed Natasha
  1506 | D:2      | Noticed Natasha
  1513 | D:2      | Killed Natasha
  1514 | D:2      | Reached skill level 4 in Long Blades
  1514 | D:2      | Reached XP level 5. HP: 43/47 MP: 4/4
  1721 | D:2      | Noticed Natasha
  1727 | D:2      | Killed Natasha
  2306 | D:3      | Found a transporter.
  2313 | D:3      | Found a transporter.
  2314 | D:3      | Noticed Tinylith's ghost (amateur NaTm)
  2319 | D:3      | Identified the cursed +0 great mace of the Tooth {vorpal,
                  | *Rage +Rage rN+++ MP+9}
  2319 | D:3      | Noticed an ogre
  2841 | D:4      | Reached skill level 1 in Dodging
  3108 | D:4      | Noticed Blork the orc
  3119 | D:4      | Killed Blork the orc
  3120 | D:4      | Reached skill level 5 in Long Blades
  3120 | D:4      | Reached XP level 6. HP: 34/55 MP: 5/5
  3265 | D:4      | Reached skill level 5 in Armour
  3561 | D:4      | Reached skill level 5 in Fighting
  3822 | D:4      | Reached skill level 5 in Shields
  3901 | D:4      | Noticed Pikel
  3930 | D:4      | Killed Pikel
  3931 | D:4      | Reached skill level 6 in Long Blades
  3931 | D:4      | Reached XP level 7. HP: 16/62 MP: 6/6
  4338 | D:4      | Noticed Edmund
  4352 | D:4      | Killed Edmund
  4353 | D:4      | Reached skill level 7 in Long Blades
  4353 | D:4      | Reached XP level 8. HP: 55/70 MP: 7/7
  4484 | D:4      | You fall into a shaft and drop 2 floors!
  4514 | D:6      | Found a sacrificial altar of Ru.
  4739 | D:6      | Reached skill level 1 in Stealth
  5119 | D:6      | Found a glowing drain.
  5126 | Sewer    | Entered a sewer
  5292 | Sewer    | Reached skill level 8 in Long Blades
  6115 | D:7      | Found a stormy altar of Qazlal.
  6115 | D:7      | Found a sparkling altar of Nemelex Xobeh.
  6187 | D:7      | Reached XP level 9. HP: 78/78 MP: 8/8
  6211 | D:7      | Found a burning altar of Makhleb.
  6224 | D:7      | Became a worshipper of Makhleb the Destroyer
  6371 | D:7      | Reached skill level 9 in Long Blades
  6739 | D:7      | Found a broken altar of Ashenzari.
  6773 | D:7      | Found a staircase to the Ecumenical Temple.
  7013 | D:7      | You fall into a shaft and drop 1 floor!
  7084 | D:8      | Reached * piety under Makhleb
  7097 | D:8      | Found a basalt altar of Yredelemnul.
  7107 | D:8      | Found an ornate altar of the Wu Jian Council.
  7312 | D:8      | Reached skill level 10 in Long Blades
  7497 | D:8      | Found a shimmering altar of Xom.
  7821 | D:8      | Found Bugg's Weapon Shop.
  7837 | D:8      | Noticed a two-headed ogre
  7841 | D:8      | Killed a two-headed ogre
  7842 | D:8      | Reached XP level 10. HP: 88/88 MP: 9/9
  8052 | D:8      | Found a blossoming altar of Fedhas.
  8262 | D:5      | Entered Level 5 of the Dungeon
  9047 | D:5      | Reached ** piety under Makhleb
  9324 | D:7      | Found a hazy altar of Hepliaklqana.
  9993 | D:9      | Reached skill level 11 in Long Blades
 10391 | D:9      | Reached skill level 12 in Long Blades
 10778 | D:9      | Found a white marble altar of Elyvilon.
 10828 | D:9      | Reached *** piety under Makhleb
 10993 | D:9      | Reached XP level 11. HP: 86/97 MP: 10/10
 11370 | D:10     | Entered Level 10 of the Dungeon
 11639 | D:10     | Noticed a green ugly thing
 11655 | D:9      | Killed a green ugly thing
 12237 | D:10     | Found a roughly hewn altar of Beogh.
 12240 | D:10     | Noticed an orc knight
 12252 | D:10     | Killed an orc knight
 12456 | D:10     | Found a staircase to the Orcish Mines.
 12490 | D:10     | Found a stormy altar of Qazlal.
 12513 | D:10     | Found a staircase to the Lair.
 12538 | D:10     | HP: 3/95 [warg (10)]
 12538 | D:10     | Slain by a warg

Illustrated notes

Levels and vault maps discovered:
D:1:      psy_arrival_terrarium, layout_basic, minmay_close_crescents
D:2:      layout_loops_corners, supply_closet_lemuel, uniq_natasha, uniq_jessica
D:3:      layout_basic, gammafunk_ghost_smash
D:4:      layout_layer_cave, corexii_leaking_fountain, uniq_edmund,
          uniq_blork_the_orc, uniq_pikel
D:5:      layout_basic
D:6:      layout_basic, nicolae_overflow_crystal_walls, portal_sewer_entry_b
D:7:      layout_basic, kennysheep_little_box, lemuel_crystal_altar,
          gammafunk_temple_overflow_wave, minmay_temple_entry_mist,
          minmay_ruined_shrine
D:8:      layout_loops_ring, overflow_temple_1_default, fedhas_altar_fruit_tree,
          nzn_wu_jian_contemplation, serial_shops, nicolae_shop_crystal,
          basic_altar, minivault_5
D:9:      layout_grid_maze, elyvilon_altar_4, st_stairs_5, chequers_garden
D:10:     layout_cave_pools, erik_lair_orcish_takeover, david_orc_5,
          nicolae_qazlal_general_emergency, uniq_erolcha

Skill      XL: |  1  2  3  4  5  6  7  8  9 10 11 |
---------------+----------------------------------+-----
Fighting       | 4 5 6 7 9 |  9.3
Armour         | 4 6 7 8 9 |  9.9
Shields        | 4 5 6 8 9 |  9.6
Long Blades    | 3 4 5 6 7 8 10 12 | 12.8
Dodging        | 1 2 3 4 |  4.7
Stealth        | 1 2 |  2.0

Action                   |  1- 3 |  4- 6 |  7- 9 | 10-12 || total
-------------------------+-------+-------+-------+-------++-------
Melee: Long sword        |    99 |   141 |   251 |       ||   491
       Headbutt          |    16 |    24 |    76 |    71 ||   187
       Scimitar          |       |       |   104 |   304 ||   408
Evoke: Wand              |       |       |       |     4 ||     4
  Use: Scroll            |       |     3 |     4 |     1 ||     8
       Potion            |       |     2 |       |     1 ||     3
Armor: Scale mail        |    56 |    45 |    97 |    60 ||   258
Dodge: Dodged            |    36 |    47 |    83 |   100 ||   266
Block: Kite shield       |    55 |    61 |   178 |   192 ||   486
       Rpst.: Long sword |    10 |    11 |    18 |       ||    39
       Scimitar          |       |       |     7 |    27 ||    34
